Cogmind - Beta 10.2 *** ADVENTURER MODE // 2021.01.06 @ 21:41:38 // Winter2019/RPGLIKE Player: LNCP Result: Core destroyed Performance ------------- Evolutions (2) 1000 Regions Visited (6) 1200 Robots Destroyed (34) 170 Value Destroyed (708) 708 Prototype IDs (2) 40 Alien Tech Used (0) 0 Bonus (300) 300 TOTAL SCORE: 3418 Bonus ------- Aligned with FarCom 300 Cogmind --------- Core Integrity 0/2700 Matter 300/300 Energy 100/100 System Corruption 0% Temperature Cool (9) Movement Core (50) Location -8/Materials Parts ------- > --- POWER (1) -------- (None) > --- PROPULSION (1) --- (None) > --- UTILITY (1) ------ (None) > --- WEAPON (1) ------- (None) > --- INVENTORY (0) ---- (None) Peak State ------------ > --- POWER ------------ Backup Power I > --- PROPULSION ------- Backup Propulsion I > --- UTILITY ---------- (None) > --- WEAPON ----------- Backup Laser I > --- INVENTORY -------- (None) [Rating: 3] Favorites ----------- Power Backup Power I Engine Backup Power I Propulsion Backup Propulsion I Hover Unit Backup Propulsion I Utility None Weapon Backup Laser I Energy Gun Backup Laser I Build | -11 -10 -9 -9 -9 -8 -8 ------- Run | Scr Mat Mat Min Exi Min Mat Slots Evolved . | . . . . . . . Power . | . . . . . . . Propulsion . | . . . . . . . Utility . | . . . . . . . Weapon . | . . . . . . . Parts Attached . | . . . . . . . Power . | . . . . . . . Engine . | . . . . . . . Core . | . . . . . . . Reactor . | . . . . . . . Propulsion . | . . . . . . . Treads . | . . . . . . . Leg . | . . . . . . . Wheel . | . . . . . . . Hover . | . . . . . . . Flight . | . . . . . . . Utility . | . . . . . . . Device . | . . . . . . . Storage . | . . . . . . . Processor . | . . . . . . . Hackware . | . . . . . . . Protection . | . . . . . . . Artifact . | . . . . . . . Weapon . | . . . . . . . Energy Gun . | . . . . . . . Energy Cannon . | . . . . . . . Ballistic Gun . | . . . . . . . Ballistic Cannon . | . . . . . . . Launcher . | . . . . . . . Special Weapon . | . . . . . . . Impact Weapon . | . . . . . . . Slashing Weapon . | . . . . . . . Piercing Weapon . | . . . . . . . Special Melee Weapon . | . . . . . . . Unidentified Prototypes . | . . . . . . . Parts Lost . | . . . . . . . Power . | . . . . . . . Propulsion . | . . . . . . . Utility . | . . . . . . . Weapon . | . . . . . . . Highest Loss Streak . | . . . . . . . Average Slot Usage (%) 4 | . 30 . . . . . Engine 1 | . 10 . . . . . Hover 1 | . 10 . . . . . Energy Gun 1 | . 10 . . . . . Naked Turns 1121 | . 99 248 184 319 142 129 Heaviest Build 2 | . 2 . . . . . Greatest Support 6 | 3 6 3 3 3 3 3 Greatest Overweight (x) . | . . . . . . . Average Overweight (x) . | . . . . . . . Largest Inventory Capacity . | . . . . . . . Average Capacity . | . . . . . . . Most Carried . | . . . . . . . Average Carried . | . . . . . . . Final Capacity . | . . . . . . . Final Carried . | . . . . . . . Class Distribution -------------------- 100% | Mutant Dominant Class ---------------- Mutant | -10/Materials Mutant | -9/Materials Mutant | -9/Mines Mutant | -9/Exiles Mutant | -8/Mines Mutant | -8/Materials Resources | -11 -10 -9 -9 -9 -8 -8 ----------- Run | Scr Mat Mat Min Exi Min Mat Matter Collected 177 | 166 . . . . 11 . Remotely . | . . . . . . . Salvage Created 819 | 322 160 203 94 . . 40 Parts 99 | 27 20 20 17 . . 15 Haulers Intercepted 1 | . 1 . . . . . Recyclers Shooed . | . . . . . . . Parts Field Recycled . | . . . . . . . Retrieved Matter . | . . . . . . . Parts Self-Destructed . | . . . . . . . Prevented . | . . . . . . . Kills | -11 -10 -9 -9 -9 -8 -8 ------- Run | Scr Mat Mat Min Exi Min Mat Combat Hostiles Destroyed 19 | . 4 4 7 . . 4 Melee 19 | . 4 4 7 . . 4 Classes Destroyed 10 | 3 3 2 1 . . 1 Worker 2 | 2 . . . . . . Tunneler 7 | 6 . . 1 . . . Hauler 1 | . 1 . . . . . Recycler 1 | 1 . . . . . . Operator 1 | . . 1 . . . . Watcher 3 | . 1 1 . . . 1 Swarmer 7 | . . . 7 . . . Grunt 8 | . 4 1 . . . 3 Duelist 1 | . . . . . . 1 Sentry 3 | . . 3 . . . . Best Kill Streak 6 | 6 3 2 4 . . 4 Combat Bots Only 4 | . 2 2 4 . . 2 Max Kills in Single Turn 1 | 1 1 1 1 . . 1 Gunslinging . | . . . . . . . Exploded . | . . . . . . . Melee 1 | . 1 1 1 . . 1 Uniques/NPCs Destroyed . | . . . . . . . Combat | -11 -10 -9 -9 -9 -8 -8 -------- Run | Scr Mat Mat Min Exi Min Mat Damage Taken 2787 | 136 574 610 270 . . 1197 Core 2773 | 136 560 610 270 . . 1197 Absorbed by Shields . | . . . . . . . Redirected to Core 1 | . 1 . . . . . Core Remaining (%) 51 | 77 46 . . . 32 . Volleys Fired . | . . . . . . . Largest . | . . . . . . . Hottest . | . . . . . . . Shots Fired . | . . . . . . . Gun . | . . . . . . . Cannon . | . . . . . . . Launcher . | . . . . . . . Special . | . . . . . . . Kinetic . | . . . . . . . Thermal . | . . . . . . . Explosive . | . . . . . . . Electromagnetic . | . . . . . . . Robot Hit Streak . | . . . . . . . Robot Miss Streak . | . . . . . . . Penetration Max . | . . . . . . . Secondary Targets . | . . . . . . . Shots Hit Robots . | . . . . . . . Core Hits 140 | 27 24 29 19 . . 41 Critical Hits . | . . . . . . . Critical Kills . | . . . . . . . Critical Parts Destroyed . | . . . . . . . Melee Attacks . | . . . . . . . Impact . | . . . . . . . Slashing . | . . . . . . . Piercing . | . . . . . . . Sneak Attacks . | . . . . . . . Combat Hostiles . | . . . . . . . Follow-up Attacks . | . . . . . . . Damage Inflicted 1051 | 202 226 218 116 . . 289 Guns . | . . . . . . . Cannons . | . . . . . . . Explosions . | . . . . . . . Melee . | . . . . . . . Ramming 1051 | 202 226 218 116 . . 289 Kinetic . | . . . . . . . Thermal . | . . . . . . . Explosive . | . . . . . . . Electromagnetic . | . . . . . . . Impact . | . . . . . . . Slashing . | . . . . . . . Piercing . | . . . . . . . Highest Corruption 16 | 2 10 11 16 16 16 . Average Corruption 10 | 2 7 5 13 16 16 . Corruption Purged . | . . . . . . . Effects 60 | 2 3 6 12 25 12 . Message Errors 14 | . 1 1 3 5 4 . Matter Fused 6 | . . . 2 3 1 . Heat Flow Errors 4 | 1 . 1 1 1 . . Energy Discharges 7 | 1 2 2 . 2 . . Data Loss (minor) 3 | . . 2 1 . . . Data Loss (major) 4 | . . . 1 2 1 . Misdirections 22 | . . . 4 12 6 . Overload Shots . | . . . . . . . Overflow Damage 3 | 3 . . . . . . Projectiles . | . . . . . . . Explosions . | . . . . . . . Melee 3 | 3 . . . . . . Knockbacks 4 | . 2 . . . . 2 Impact 4 | . 2 . . . . 2 Kinetic . | . . . . . . . Secondary . | . . . . . . . Self-Inflicted Damage 455 | 88 97 96 53 . . 121 Shots . | . . . . . . . Rammed 297 | 50 72 60 26 . . 89 Targets Rammed 297 | 50 72 60 26 . . 89 Kicked . | . . . . . . . Crushed . | . . . . . . . Highest Temperature 249 | 104 . 249 97 210 . 2 Average Temperature 95 | 54 . 136 59 110 . 2 Received Heat Transfer 1020 | . 183 171 9 . . 657 Siege Activations . | . . . . . . . Robots Corrupted . | . . . . . . . Combat Hostiles . | . . . . . . . Parts Fried 1 | 1 . . . . . . Impact Corruptions 1 | 1 . . . . . . Robots Melted . | . . . . . . . Combat Hostiles . | . . . . . . . Parts Melted . | . . . . . . . Heat Transferred . | . . . . . . . Parts Sabotaged . | . . . . . . . Parts Stolen . | . . . . . . . Parts Stripped . | . . . . . . . Power Chain Reactions . | . . . . . . . Missiles Intercepted . | . . . . . . . Alert | -11 -10 -9 -9 -9 -8 -8 ------- Run | Scr Mat Mat Min Exi Min Mat Peak Influence 294 | 45 198 294 277 . . 137 Initial 96 | . 25 70 96 . . . Average 97 | 24 96 168 188 . . 58 Maximum Alert Level 1 | . . 1 1 . . . Low Security (%) 88 | 100 100 62 84 . 100 100 Level 1 11 | . . 37 15 . . . Level 2 . | . . . . . . . Level 3 . | . . . . . . . Level 4 . | . . . . . . . Level 5 . | . . . . . . . High Security . | . . . . . . . Max Security . | . . . . . . . Squads Dispatched 4 | . 2 1 . . . 1 Investigation 3 | . 2 . . . . 1 Extermination . | . . . . . . . Reinforcement 1 | . . 1 . . . . Assault . | . . . . . . . Garrison . | . . . . . . . Intercept . | . . . . . . . Construction Impeded . | . . . . . . . Haulers Reinforced . | . . . . . . . Stealth | -11 -10 -9 -9 -9 -8 -8 --------- Run | Scr Mat Mat Min Exi Min Mat Distress Signals 2 | . 1 1 . . . . Communications Jammed . | . . . . . . . Distress Signals . | . . . . . . . Times Spotted 31 | . 6 10 8 . . 7 Peak Tracking Total 5 | . 3 5 4 . . 5 Tactical Retreats . | . . . . . . . Traps | -11 -10 -9 -9 -9 -8 -8 ------- Run | Scr Mat Mat Min Exi Min Mat Traps Triggered 4 | . 3 . . . . 1 Indirectly . | . . . . . . . Trap Hack Attempts . | . . . . . . . Triggered . | . . . . . . . Disarmed . | . . . . . . . Reprogrammed 4 | . 4 . . . . . Reused . | . . . . . . . Traps Extracted . | . . . . . . . Installed . | . . . . . . . Triggered . | . . . . . . . Machines | -11 -10 -9 -9 -9 -8 -8 ---------- Run | Scr Mat Mat Min Exi Min Mat Machines Disabled . | . . . . . . . Max in Single Turn . | . . . . . . . Machines Sabotaged . | . . . . . . . Garrisons Compromised . | . . . . . . . Overloaded Fab Kills . | . . . . . . . Fab Network Shutdowns . | . . . . . . . Hacking | -11 -10 -9 -9 -9 -8 -8 --------- Run | Scr Mat Mat Min Exi Min Mat Machines Accessed 6 | . 3 1 . 2 . . Terminals 3 | . 2 1 . . . . Fabricators . | . . . . . . . Repair Stations 1 | . 1 . . . . . Recycling Units . | . . . . . . . Scanalyzers . | . . . . . . . Garrison Access . | . . . . . . . Total Hacks 37 | . 15 5 . 17 . . Successful 29 | . 11 1 . 17 . . Failed 8 | . 4 4 . . . . Catastrophic . | . . . . . . . Database Lockouts . | . . . . . . . Manual 1 | . . . . 1 . . Terminals 19 | . 14 5 . . . . Fabricators . | . . . . . . . Repair Stations 1 | . 1 . . . . . Recycling Units . | . . . . . . . Scanalyzers . | . . . . . . . Garrison Access . | . . . . . . . Terminal Hacks 28 | . 10 1 . 17 . . Record 18 | . 1 . . 17 . . Robot Analysis 1 | . . 1 . . . . Prototype ID Bank 1 | . 1 . . . . . Reprogram Traps 1 | . 1 . . . . . Dispatch Records 1 | . 1 . . . . . Maintenance Status 1 | . 1 . . . . . Patrol Status 1 | . 1 . . . . . Hauler Manifests 1 | . 1 . . . . . Registered Components 1 | . 1 . . . . . Registered Prototypes 1 | . 1 . . . . . Zone Layout 1 | . 1 . . . . . Fabricator Hacks . | . . . . . . . Repair Station Hacks 1 | . 1 . . . . . Refit 1 | . 1 . . . . . Recycling Unit Hacks . | . . . . . . . Scanalyzer . | . . . . . . . Garrison Access Hacks . | . . . . . . . Unauthorized Hacks . | . . . . . . . Terminals . | . . . . . . . Fabricators . | . . . . . . . Repair Stations . | . . . . . . . Recycling Units . | . . . . . . . Scanalyzers . | . . . . . . . Garrison Access . | . . . . . . . Data Cores Recovered . | . . . . . . . Used . | . . . . . . . Hacking Detections 4 | . 3 1 . . . . Full Trace Events 2 | . 2 . . . . . Feedback Events . | . . . . . . . Feedback Blocked . | . . . . . . . Robot Schematics Acquired . | . . . . . . . Robots Built . | . . . . . . . Matter . | . . . . . . . Time . | . . . . . . . Total Robot Build Rating . | . . . . . . . Part Schematics Acquired . | . . . . . . . Parts Built . | . . . . . . . Matter . | . . . . . . . Time . | . . . . . . . Total Part Build Rating . | . . . . . . . Parts Repaired . | . . . . . . . Time . | . . . . . . . Parts Recycled . | . . . . . . . Recycled Matter . | . . . . . . . Retrieved Matter . | . . . . . . . Retrieved Components . | . . . . . . . Parts Scanalyzed . | . . . . . . . Part Schematics Acquired . | . . . . . . . Parts Damaged . | . . . . . . . Bothacking | -11 -10 -9 -9 -9 -8 -8 ------------ Run | Scr Mat Mat Min Exi Min Mat Used RIF Installer . | . . . . . . . Robots Hacked . | . . . . . . . Non-combat . | . . . . . . . Combat . | . . . . . . . Robot Hacks Applied . | . . . . . . . Relay Couplers Released . | . . . . . . . Robots Rewired . | . . . . . . . Allies Hacked . | . . . . . . . Hacks Repelled . | . . . . . . . Allies | -11 -10 -9 -9 -9 -8 -8 -------- Run | Scr Mat Mat Min Exi Min Mat Total Allies 2 | . . . 2 . . . Largest Group 2 | . . . 2 . . . Highest-Rated Group 48 | . . . 48 . . . Highest-Rated Ally 31 | . . . 31 . . . Total Orders . | . . . . . . . Ally Attacks . | . . . . . . . Total Damage . | . . . . . . . Kills . | . . . . . . . Allies Corrupted . | . . . . . . . Allies Melted . | . . . . . . . Intel | -11 -10 -9 -9 -9 -8 -8 ------- Run | Scr Mat Mat Min Exi Min Mat Robot Analysis Total 1 | . . 1 . . . . Derelict Logs Recovered . | . . . . . . . Drone Launches . | . . . . . . . Drone Recoveries . | . . . . . . . Exploration | -11 -10 -9 -9 -9 -8 -8 ------------- Run | Scr Mat Mat Min Exi Min Mat Turns Passed 1405 | 216 167 248 184 319 142 129 Spaces Moved 1654 | 89 155 176 237 632 284 81 Core 1610 | 89 111 176 237 632 284 81 Treads . | . . . . . . . Legs . | . . . . . . . Wheels . | . . . . . . . Hover 44 | . 44 . . . . . Flight . | . . . . . . . Fastest Speed 50 | 50 50 50 50 50 50 50 Average Speed 50 | 50 58 50 50 50 50 50 Slowest Speed 80 | 50 80 50 50 50 50 50 Overloaded Moves . | . . . . . . . Propulsion Burnouts . | . . . . . . . Robots Hopped . | . . . . . . . Cave-ins Triggered . | . . . . . . . Exploration Rate (%) 40 | 3 46 23 47 92 63 12 Regions Visited 6 Branch Regions 3 Pre-discovered Areas . | . . . . . . . Known Exits Taken . | . . . . . . . Unknown Exits Taken 6 | 1 1 1 1 1 1 . Scrap Searched 1 | . . . . . 1 . Spaces Dug . | . . . . . . . Terrain Destroyed . | . . . . . . . Melee . | . . . . . . . Projectile . | . . . . . . . AOE . | . . . . . . . Terrain Rammed . | . . . . . . . Walls Destroyed . | . . . . . . . Machines Disabled . | . . . . . . . Actions | -11 -10 -9 -9 -9 -8 -8 --------- Run | Scr Mat Mat Min Exi Min Mat Total 2214 | 260 232 335 301 634 283 169 Wait 267 | 122 3 100 39 3 . . Move 1649 | 88 155 175 236 631 283 81 Hop . | . . . . . . . Pick Up . | . . . . . . . Fast Attach . | . . . . . . . Attach . | . . . . . . . Detach . | . . . . . . . Swap . | . . . . . . . Drop 3 | . 3 . . . . . Fire . | . . . . . . . Melee . | . . . . . . . Ram 295 | 50 71 60 26 . . 88 Kick . | . . . . . . . Crush . | . . . . . . . Escape Stasis . | . . . . . . . Rewire . | . . . . . . . Trap . | . . . . . . . Miscellaneous . | . . . . . . . Route ------- -11/Scrapyard -10/Materials (discovered 2 exits: *Mat / [*Min]) -9/Materials -9/Mines (discovered 2 exits: *Mat / *Exi) -9/Exiles (discovered 2 exits: [*Min x2]) -8/Mines -8/Materials History --------- Turn | Location | Event 2 | -11/Scrapyard | Discovered new exit (range 16) 217 | -11/Scrapyard | Entered Materials 279 | -10/Materials | Discovered new exit (range 8) 313 | -10/Materials | Build established: Mutant 345 | -10/Materials | Discovered new exit (range 13) 367 | -10/Materials | Core integrity fell below 50% 382 | -10/Materials | System corruption reached 10% 384 | -10/Materials | Entered another Materials area 385 | -9/Materials | Core integrity fell below 50% 386 | -9/Materials | Reached level 2 386 | -9/Materials | Reached level 3 539 | -9/Materials | Reached level 4 616 | -9/Materials | System corruption reached 10% 626 | -9/Materials | Discovered new exit (range 8) 632 | -9/Materials | Entered Mines 701 | -9/Mines | Discovered new exit (range 4) 713 | -9/Mines | Joined a pair of Derelicts in attacking an 0b10 outpost 797 | -9/Mines | Reached level 5 813 | -9/Mines | Deemed a non-threat by the Exiles lab entrance 814 | -9/Mines | Discovered new exit (range 5) 816 | -9/Mines | Entered Exiles 824 | -9/Exiles | Discovered new exit (range 15) 830 | -9/Exiles | Met 8R-AWN 837 | -9/Exiles | Met EX-HEX 871 | -9/Exiles | Met EX-DEC 914 | -9/Exiles | Visited The Gauntlet 1008 | -9/Exiles | Discovered new exit (range 14) 1044 | -9/Exiles | Met EX-BIN 1050 | -9/Exiles | Aligned with FarCom system 1051 | -9/Exiles | Given EX-Vault access code 1071 | -9/Exiles | Opened EX-Vault 1093 | -9/Exiles | Warned to stay clear of 0b10 Research branches 1135 | -9/Exiles | Entered Mines 1270 | -8/Mines | Discovered new exit (range 13) 1277 | -8/Mines | Entered Materials 1278 | -8/Materials | Core integrity fell below 50% 1279 | -8/Materials | Reached level 6 1279 | -8/Materials | Reached level 7 1355 | -8/Materials | Core integrity fell below 20% 1406 | -8/Materials | Core destroyed Last Messages --------------- 01390_ K-01 Serf collects debris. 01390_ Slammed into G-47 Trooper. 01393_ G-47 Trooper destroyed. 01393_ R-06 Scavenger collects Visual Processing Unit. 01394_ Slammed into G-47 Trooper. 01394_ K-01 Serf collects debris. 01395_ Slammed into G-47 Trooper. 01395_ K-01 Serf collects debris. 01396_ Slammed into G-47 Trooper. 01396_ R-06 Scavenger collects Unknown Leg. 01397_ Slammed into G-47 Trooper. 01397_ K-01 Serf collects debris. 01398_ Slammed into G-47 Trooper. 01399_ K-01 Serf collects debris. 01400_ Slammed into G-47 Trooper. 01401_ K-01 Serf collects debris. 01401_ Slammed into G-47 Trooper. 01404_ K-01 Serf collects debris. 01404_ Slammed into G-47 Trooper. 01406_ Destabilizing: Core damaged (-108). Map ----- +----------------------------------------------------+ | ?????????????????????????????????????????????????? | | ?????????????????????????????????????????????????? | | ?????????????????????????????????????????????????? | | ?????????????????????????????????????????????????? | | ?????????????????????????????????????????????????? | | ?????????????????????????????????????????????????? | | ?????????????????????? ??????????????????????????? | | ?????????????????????? ??????????????????????????? | | ?????????????????????? ??????????????????????????? | | ?????????????????????? ??????????????????????????? | | ?????????????????????? ??????????????????????????? | | ??????????????????????w??????????????????????????? | | ?????????????????????? ???????? ????????????????? | | ?????????????????????# #??????? "???????????????? | | ?????????????????????# #??????? """ ???????????? | | ?????????????????????# #??????? """ ???????????? | | ?????????????????????# #??????? ????????????? | | ?????????????????????# #??????? ????????????? | | ?????????????????????# #??????? ?????????????? | | ?????????????????????# #?????## ??? #????????? | | ?????????????????????# #?????# """?? #????????? | | ?????????????????????#%#?????# """"" #????????? | | ???????????????#######+####### """"" #????????? | | ???????????????#* %%%%%%%**!# """"" #????????? | | ???????????????# """"%%!!k[!# """ #????????? | | ???????????????# ""S""%%g@[%%#=% #????????? | | ???????????????# ""[""%%!!%%%+%% =#????????? | | ???????????????# * %%%%%%%%k#% """ #????????? | | ???????????????# !%%%%%%%%%%# """"" #????????? | | ???????????????#######+####### """"" #????????? | | ?????????????????????#%###### """"" #????????? | | ?????????????????????#%% """ #????????? | | ?????????????????????#%= #????????? | | ?????????????????????# /= #????????? | | ???????????????Y?????###! = [ #????????? | | ???????????????????????# #????????? | | ???????????????????????# #????????? | | ???????????????????????# ############ #????????? | | ???????????????????????# #??????????# #????????? | | ???????????????????????# #??????????# #????????? | | ???????????????????????# #??????????# #????????? | | ???????????????????????# #??????????# #????????? | | ???????????????????????# #??????????# ########## | | ???????????????????????#/#??????????# # # | | ??????????????????????? ??????????# + """ # | | ??????????????????????? ??????##### # ] "Y" # | | ??????????????????????? ??????#== # # | | ??????????????????????? ??????#== # # | | ?????????????????????? #?????#!! ##### """ # | | ?????????????????????? #?????#!! #???# """ # | +----------------------------------------------------+ Best States ------------- Heat Dissipation 25 Energy Generation 9 Energy Capacity 100 Matter Stores 300 Matter Capacity 300 Sight Range 16 Terrain Scan Density 10 Resistance: KI 40 Resistance: TH 25 Resistance: EX 20 Resistance: EM 20 Resistance: I 20 Resistance: S 20 Resistance: P 20 Evasion (%) 50 Offensive Hacking 10 Item Schematics ----------------- None Robot Schematics ------------------ None Fabricated ------------ Nothing Alien Tech Used ----------------- None Achievements -------------- System Compromised Challenges ------------ None RPGLIKE | -11 -10 -9 -9 -9 -8 -8 --------- Run | Scr Mat Mat Min Exi Min Mat Levels Raised 6 | . . 3 1 . . 2 XP Earned 14317 | 4000 670 4081 1305 350 843 3068 XP Spent 12710 | . 3960 4515 1400 . . 2835 Upgrades 51 | . 21 19 4 . . 7 Core Integrity 42 | . 14 17 4 . . 7 Melee Accuracy 3 | . 3 . . . . . KI Resistance % 4 | . 4 . . . . . TH Resistance % 1 | . . 1 . . . . KI Damage % 1 | . . 1 . . . . Protomatter Created 438 | . 128 100 49 . . 161 Protomatter Decayed 392 | . 82 100 97 . . 113 Game ------ Seed COGMIND Manual? 1 Play Time 00:44:54 Cumulative 5.2 hours Start 2021.01.06 @ 20:56:00 End 2021.01.06 @ 21:41:38 Sessions 1 Manual Loads 0 Difficulty Adventurer Special Mode Winter2019/RPGLIKE Game No. 13 Rogue 0 Adventurer 11 Explorer 2 Win Type - Total 0 Types 0/0/0/0/0/0/0/0/0 Lore% 12 Gallery% 9 Achievement% 9 Wizard Run 0 Options --------- ASCII 0 Keyboard 0 Movement Numpad Keybinds 0 Fullscreen 0 Font 16/Terminus Map View 76x50 Tactical HUD 1 Map Filters NONE Filters NONE Steam 1 RUN: 4d51fd27-dfa6-4e7a-9a73-693d8db436e0